 Dungeon Crawl Stone Soup version 0.29-a0-892-g2c4c91d9db (webtiles) character file.

Game seed: 16382830406516899628

19 IdlyInterested the Digger (level 2, 0/21 HPs)
             Began as a Demonspawn Wanderer on July 22, 2022.
             Slain by a goblin
             ... wielding a +0 dagger
              (2 damage)
             ... on level 2 of the Dungeon.
             The game lasted 00:03:02 (1282 turns).

IdlyInterested the Digger (Demonspawn Wanderer)     Turns: 1282, Time: 00:03:03

Health: 0/21       AC:  3    Str:  9    XL:     2   Next: 55%
Magic:  3/3        EV: 11    Int: 14    God:
Gold:   77         SH:  0    Dex: 14    Spells: 2/3 levels left

rFire   . . .      SeeInvis .   h - +0 short sword
rCold   . . .      Faith    .   (no shield)
rNeg    . . .      Spirit   .   i - +0 robe
rPois   .          Reflect  .   (no helmet)
rElec   .          Harm     .   (no cloak)
rCorr   .          Rampage  .   (no gloves)
Will    .....                   d - +0 pair of boots
Stlth   ++........              (no amulet)
HPRegen 0.07/turn               (no ring)
MPRegen 0.08/turn               (no ring)

@: no status effects
A: powered by pain 1
a: no special abilities


You were on level 2 of the Dungeon.
You visited 1 branch of the dungeon, and saw 2 of its levels.

You collected 77 gold pieces.

Inventory:

Hand Weapons
 a - a +0 dagger
 h - a +0 short sword (weapon)
Armour
 c - a +0 leather armour
 d - a +0 pair of boots (worn)
 i - a +0 robe (worn)
Scrolls
 b - a scroll of blinking
 j - a scroll of enchant weapon {unknown}
 k - a scroll of teleportation {unknown}
Potions
 e - 2 potions of curing {unknown}
 f - a potion of degeneration {unknown}
 g - a potion of attraction {unknown}
 l - a potion of ambrosia {unknown}


   Skills:
 + Level 1.1 Fighting
 - Level 2.0 Stealth
 - Level 1.0 Spellcasting
 + Level 2.9 Air Magic
 + Level 3.8 Earth Magic


You had 2 spell levels left.
You knew the following spells:

 Your Spells              Type           Power      Damage    Failure   Level
a - Sandblast             Erth           22%        2d7       5%          1

Your spell library contained the following spells:

 Spells                   Type           Power      Damage    Failure   Level
 Passwall                 Tmut/Erth      5%         N/A       19%         2
 Poisonous Vapours        Pois/Air       8%         N/A       22%         2
 Static Discharge         Conj/Air       4%         3-4/arc   22%         2
 Beastly Appendage        Tmut           0%         N/A       26%         1
 Wereblood                Tmut           0%         N/A       36%         2
 Spider Form              Tmut/Pois      0%         N/A       61%         3
 Animate Armour           Summ/Erth      12%        N/A       75%         4


Dungeon Overview and Level Annotations

Branches:
Dungeon (2/15)

Altars:


Innate Abilities, Weirdness & Mutations

You sometimes gain a little power by taking damage.


Message History

You kill the endoplasm!
The bat barely misses you. The rat bites you but does no damage.
The bat hits you.
* * * LOW HITPOINT WARNING * * *
The rat bites you.
* * * LOW HITPOINT WARNING * * *
The bat hits you.
* * * LOW HITPOINT WARNING * * *
Aiming: Sandblast (safe; 5% risk of failure)
Press: ? - help, Q - select action Shift-Dir - straight line, f - bat
Aim: a bat (69% to hit)
The blast of sand hits the bat.
You kill the bat!
The rat barely misses you. The rat misses you.
Aiming: Sandblast (safe; 5% risk of failure)
Press: ? - help, Q - select action Shift-Dir - straight line, f - rat
Aim: a rat (79% to hit)
The blast of sand hits the rat.
You kill the rat!
Unknown command.
You start resting.
A worm comes into view.
Aiming: Sandblast (safe; 5% risk of failure)
Press: ? - help, Q - select action Shift-Dir - straight line, f - you
Okay, then.
You see here a rat corpse.
You now have 77 gold pieces (gained 14).
k - a scroll labelled YKKYVI LUZEK
l - a puce potion An endoplasm comes into view.
A goblin comes into view. It is wielding a +0 dagger.
The endoplasm quivers.
Found 16 gold pieces.
The goblin hits you but does no damage.
You hit the endoplasm.
The endoplasm is moderately wounded.
The endoplasm freezes you.
You are frozen.
* * * LOW HITPOINT WARNING * * *
The goblin hits you with a +0 dagger.
You die...

######## #......# $
#......# ##..
#......#############....
................ .#..#..
............#..# .......
.............#.##g..##
................@J...#
...............#......#
...........)....#.......
..........<.............
...............##..#.##.
...............##.#..#
......................
......................#
.....................#


You could see an endoplasm and a goblin.

Vanquished Creatures
  A worm (D:2)
  2 bats
  2 endoplasms
  2 giant cockroaches (D:1)
  A goblin (D:1)
  A hobgoblin (D:2)
  A kobold (D:1)
  A quokka (D:1)
  A ball python (D:1)
  2 rats (D:2)
14 creatures vanquished.

Notes
Turn   | Place    | Note
-------+----------+-------------------------------------------
     0 | D:1      | IdlyInterested the Demonspawn Wanderer began the quest for
                  | the Orb.
     0 | D:1      | IdlyInterested set off with the following items: a +0
                  | dagger, a scroll of blinking, a +0 robe, a +0 pair of
                  | boots; and the following spell memorised: Sandblast; and
                  | the following spells available to memorise: Passwall,
                  | Poisonous Vapours, Static Discharge, Animate Armour.
     0 | D:1      | Reached XP level 1. HP: 13/13 MP: 2/2
   422 | D:1      | Gained mutation: You sometimes gain a little power by
                  | taking damage. [demonic ancestry]
   422 | D:1      | Reached XP level 2. HP: 8/20 MP: 3/3
  1230 | D:2      | Reached skill level 1 in Fighting
  1231 | D:2      | HP: 1/21 [bat (1)]
  1282 | D:2      | Slain by a goblin

Illustrated notes

Levels and vault maps discovered:
D:1:      scummos_arrival_hexagon, layout_loops_ring, grunt_decor_mini_mirrors
D:2:      minmay_chambers_of_ones, layout_rooms,
          hangedman_abyss_or_decor_lesser_grid

Skill      XL: |  1  2 |
---------------+-------+-----
Stealth        | 2 |  2.0
Fighting       | 1 |  1.1
Spellcasting   | |  1.0
Air Magic      | |  2.9
Earth Magic    | |  3.8

Action                   || total
-------------------------++-------
Melee: Dagger            ||    23
       Short sword       ||    20
       Punch             ||     1
 Cast: Sandblast         ||     7
 Stab: Sleeping          ||     3
Armor: Robe              ||    14
Dodge: Dodged            ||    28

Table legend: (Time is in decaauts)
 A = Elapsed time spent in this place.
 B = Non-inter-level travel time spent in this place.
 C = Inter-level travel time spent in this place.
 D = Time resting spent in this place.
 E = Time spent auto-exploring this place.
 F = Levels seen in this place.
 G = Mean time per level.
                   A        B        C        D        E       F      G
               +--------+--------+--------+--------+--------+-----+--------+
         Total |   1291 |   1272 |     19 |    518 |    576 |   2 |  645.5 |
       Dungeon |   1291 |   1272 |     19 |    518 |    576 |   2 |  645.5 |
               +--------+--------+--------+--------+--------+-----+--------+

Top non-repeatable levels by time:
     D:1: 935 daAuts
     D:2: 355 daAuts
